 Dungeon Crawl Stone Soup version 0.28-a0-828-g0121872642 (webtiles) character file.

Game seed: 16161888219943277465

2144 siradein the Spear-Bearer (level 9, -6/71 HPs)
             Began as a Merfolk Gladiator on Nov 11, 2021.
             Killed from afar by an electric eel (11 damage)
             ... with a bolt of electricity
             ... on level 6 of the Dungeon.
             The game lasted 00:12:43 (6362 turns).

siradein the Spear-Bearer (Merfolk Gladiator)       Turns: 6362, Time: 00:12:44

Health: -6/71      AC:  6    Str: 16    XL:     9   Next: 30%
Magic:  9/9        EV: 17    Int:  7    God:
Gold:   448        SH:  5    Dex: 17    Spells: 8/8 levels left

rFire   . . .      SeeInvis .   s - +0 halberd
rCold   . . .      Faith    .   (shield currently unavailable)
rNeg    . . .      Spirit   .   x - +2 robe
rPois   .          Reflect  +   c - +0 helmet
rElec   .          Harm     .   (no cloak)
rCorr   .          Rampage  .   (no gloves)
Will    +....                   i - +0 pair of boots
Stlth   ++........              m - amulet of reflection
HPRegen 0.21/turn               B - ring of willpower
MPRegen 0.11/turn               (no ring)

@: no status effects
A: (nimble swimmer 2), mertail
a: no special abilities


You were on level 6 of the Dungeon.
You visited 1 branch of the dungeon, and saw 6 of its levels.
You also visited: Ossuary.

You collected 472 gold pieces.
You spent 24 gold pieces at shops.

Inventory:

Hand Weapons
 a - a +0 trident
 s - a +0 halberd (weapon)
Missiles
 d - 3 throwing nets
 j - 2 atropa-tipped darts
 o - 141 stones (quivered)
Armour
 c - a +0 helmet (worn)
 i - a +0 pair of boots (worn)
 x - a +2 robe (worn)
Jewellery
 m - an amulet of reflection (around neck)
 p - a ring of wizardry
 B - a ring of willpower (left hand)
Wands
 t - a wand of paralysis (10)
 u - a wand of charming (6)
 C - a wand of flame (16)
Scrolls
 h - 5 scrolls of teleportation
 n - 2 scrolls of enchant armour {unknown}
 q - 2 scrolls of magic mapping {unknown}
 r - a scroll of torment {unknown}
 w - a scroll of amnesia {unknown}
 y - 2 scrolls of noise {unknown}
 D - 2 scrolls of blinking
 G - a scroll of fog {unknown}
 H - a scroll of silence {unknown}
Potions
 b - a potion of degeneration
 e - a potion of magic
 f - 2 potions of flight
 g - 2 potions of haste
 k - 2 potions of cancellation
 l - 2 potions of brilliance
 v - 3 potions of heal wounds
 z - a potion of lignification {unknown}
 A - 3 potions of attraction {unknown}
 E - a potion of curing {unknown}
 F - a potion of might {unknown}


   Skills:
 + Level 6.8 Fighting
 + Level 9.6 Polearms
 + Level 6.3 Throwing
 + Level 8.9 Dodging


You had 8 spell levels left.
You didn't know any spells.
Your spell library was empty.

Dungeon Overview and Level Annotations

Branches:
Dungeon (6/15)            Ossuary (visited)
 Temple: D:4-7

Altars:
Kikubaaqudgha
Zin

Shops:
D:1 [*

Annotations:
D:6 1 transporter, Leeroy's ghost, novice DrTm


Innate Abilities, Weirdness & Mutations

((You are quick and stealthy near water. (Stealth+, EV+, Speed+++)))
Your lower body shifts to a powerful aquatic tail in water.


Message History

An orc priest is nearby!
An orc priest is nearby!
An orc priest is nearby!
Your legs become a tail as you enter the water.
Your +0 pair of boots melds into your body.
The orc priest shouts!
You reach to attack!
You barely miss the orc priest. You slash the orc priest!
The orc priest is almost dead.
The orc priest hits you but does no damage.
You puncture the orc priest!
You kill the orc priest!
No target in view!
No target in view!
Your +0 pair of boots unmelds from your body.
Things that are here:
a +0 hand axe; an orc corpse You open the door.
The electric eel shoots out a bolt of lightning at you!
The bolt of electricity hits the plant.
The plant begins to die.
The bolt of electricity hits you.
There are monsters nearby!
There are monsters nearby!
There is an open door here.
The electric eel shoots out a bolt of lightning at you!
The bolt of electricity hits you!
The electric eel shoots out a bolt of lightning at you!
The bolt of electricity hits you!
The electric eel shoots out a bolt of lightning at you!
The bolt of electricity hits the plant!
The plant begins to die.
The bolt of electricity hits the plant!
The bolt of electricity hits you!
The electric eel shoots out a bolt of lightning at you!
The bolt of electricity hits the plant!
The plant begins to die.
The bolt of electricity hits you.
* * * LOW HITPOINT WARNING * * *
The electric eel shoots out a bolt of lightning at you!
The bolt of electricity hits the plant! x2; The bolt of electricity hits you!
* * * LOW HITPOINT WARNING * * *
The bolt of electricity hits you!
You die...

##.##.....##.######.#
....................#
##.####..###.########
#...........#######
######.######..≈≈≈##
######≈≈.####.## ##..)≈≈##+
##.# #..##### #.#
################@..##.....#.#
#.....#......##.....#...≈P#.#
#.#.#.#.####.##.....#≈P.P.#≈#
.###..#.####.##.P.PS#(?≈$.#≈#
## ##.........#(≈PP≈#≈≈.≈≈#)#
.###..#.####..#.$?.S##SSS##≈#
#.#.#.#.......#≈S$≈≈######.##
#..##.##########≈≈≈##≈....##
#.....# ##.#####≈######


You could see 3 electric eels.

Vanquished Creatures
  Pikel (D:4)
  2 water moccasins
  A sky beast (D:6)
  A black bear (D:5)
  3 ogres
  4 phantoms
  A scorpion (D:5)
  A killer bee (D:5)
  A bullfrog zombie (D:6)
  3 hounds
  A jelly (D:6)
  An orc priest (D:6)
  A bullfrog skeleton (D:6)
  Ijyb (D:3)
  3 iguanas (D:5)
  3 orc wizards (D:6)
  A hound skeleton (D:4)
  3 mummies (Ossuary)
  A howler monkey zombie (D:5)
  5 adders
  2 ufetubi
  2 adder zombies (Ossuary)
  2 worms (D:2)
  3 dart slugs
  18 orcs
  6 endoplasms
  2 giant cockroaches (D:4)
  2 gnoll zombies (Ossuary)
  9 goblins
  5 hobgoblins
  6 quokkas
  6 ball pythons
  5 bats
  6 frilled lizards
  3 goblin zombies (Ossuary)
  4 hobgoblin zombies (Ossuary)
  13 kobolds
  4 kobold zombies (Ossuary)
  3 quokka zombies (Ossuary)
  5 rats
144 creatures vanquished.

Vanquished Creatures (others)
  9 plants (D:4)
9 creatures vanquished.

Grand Total: 153 creatures vanquished

Notes
Turn   | Place    | Note
-------+----------+-------------------------------------------
     0 | D:1      | siradein the Merfolk Gladiator began the quest for the Orb.
     0 | D:1      | Reached XP level 1. HP: 16/16 MP: 1/1
   338 | D:1      | Reached XP level 2. HP: 23/23 MP: 2/2
   403 | D:1      | Found Qezxafon's General Store.
   409 | D:1      | Found Diebenuz's Armour Boutique.
   418 | D:1      | Bought a scroll of identify for 24 gold pieces
   712 | D:1      | Found a faded altar of an unknown god.
   783 | D:1      | Reached XP level 3. HP: 28/28 MP: 3/3
  1509 | D:2      | Reached skill level 5 in Polearms
  2123 | D:2      | Found a glowing silver altar of Zin.
  2256 | D:2      | Reached XP level 4. HP: 34/34 MP: 4/4
  2873 | D:3      | Reached skill level 5 in Dodging
  3032 | D:3      | Noticed Ijyb
  3044 | D:3      | Paralysed by Ijyb for 7 turns
  3058 | D:3      | Killed Ijyb
  3059 | D:3      | Reached XP level 5. HP: 34/41 MP: 5/5
  3376 | D:4      | Found an ancient bone altar of Kikubaaqudgha.
  3420 | D:4      | Noticed an ogre
  3428 | D:4      | Killed an ogre
  3429 | D:4      | Reached skill level 6 in Polearms
  3462 | D:4      | Reached XP level 6. HP: 46/48 MP: 6/6
  3910 | D:4      | Noticed Pikel
  3999 | D:4      | Killed Pikel
  4000 | D:4      | Reached skill level 5 in Fighting
  4000 | D:4      | Reached skill level 7 in Polearms
  4000 | D:4      | Reached XP level 7. HP: 46/56 MP: 7/7
  4000 | D:4      | Reached XP level 8. HP: 50/62 MP: 8/8
  4551 | D:5      | Entered Level 5 of the Dungeon
  4637 | D:5      | Reached skill level 8 in Polearms
  4637 | D:5      | Reached skill level 5 in Throwing
  4651 | D:5      | HP: 3/63 [killer bee (8)]
  5511 | D:6      | Found a transporter.
  5515 | D:6      | Noticed Leeroy's ghost (novice DrTm)
  5567 | D:6      | Reached skill level 9 in Polearms
  5616 | D:6      | Reached XP level 9. HP: 62/71 MP: 9/9
  5647 | D:6      | Found a sand-covered staircase.
  5655 | Ossuary  | Entered an ossuary
  6362 | D:6      | Killed from afar by an electric eel

Illustrated notes

Levels and vault maps discovered:
D:1:      erik_arrival_blinker_ship, layout_basic,
          shapermc_ecumenical_altar_mp_vishouse, serial_shops,
          nicolae_shop_trees, shop, grunt_decor_one_mirror
D:2:      wander_river, layout_loops_cross, serial_glass, glass_columns_b,
          glass_columns_c, glass_columns_a, glass_columns_b, basic_altar
D:3:      layout_loops_cross, uniq_ijyb
D:4:      layout_loops_ring, old_standard_altar, serial_bayou,
          serial_bayou_shore_b, serial_bayou_pond_a, serial_bayou_shore_b,
          serial_bayou_lake_a, uniq_pikel
D:5:      layout_rooms, minmay_between
D:6:      cheibrodos_two_vegetables, layout_loops_corners, enter_ossuary_1,
          gammafunk_ghost_stat_death

Skill      XL: |  1  2  3  4  5  6  7  8  9 |
---------------+----------------------------+-----
Polearms       | 5 6 7 9 |  9.6
Fighting       | 3 5 6 |  6.8
Dodging        | 5 7 8 |  8.9
Throwing       | 3 4 5 6 |  6.3

Action                   |  1- 3 |  4- 6 |  7- 9 || total
-------------------------+-------+-------+-------++-------
Melee: Trident           |   129 |    34 |       ||   163
       Halberd           |       |   150 |   240 ||   390
       Tailslap          |       |     3 |     1 ||     4
Throw: Stone             |       |     2 |     2 ||     4
       Dart              |       |     2 |       ||     2
  Use: Scroll            |     5 |       |     1 ||     6
       Potion            |       |       |     3 ||     3
 Stab: Sleeping          |     1 |     4 |     4 ||     9
Armor: Leather armour    |    21 |    24 |       ||    45
       Robe              |       |       |    38 ||    38
Dodge: Dodged            |    54 |    83 |   137 ||   274
Block: Other             |     7 |    20 |    36 ||    63
       Reflection        |     1 |       |       ||     1

Table legend: (Time is in decaauts)
 A = Elapsed time spent in this place.
 B = Non-inter-level travel time spent in this place.
 C = Inter-level travel time spent in this place.
 D = Time resting spent in this place.
 E = Time spent auto-exploring this place.
 F = Levels seen in this place.
 G = Mean time per level.
                   A        B        C        D        E       F      G
               +--------+--------+--------+--------+--------+-----+--------+
         Total |   6336 |   6200 |    136 |     30 |   4821 |   7 |  905.1 |
       Dungeon |   6099 |   5963 |    136 |     30 |   4686 |   6 | 1016.5 |
       Ossuary |    237 |    237 |      0 |      0 |    135 |   1 |  237.0 |
               +--------+--------+--------+--------+--------+-----+--------+

Top non-repeatable levels by time:
     D:1: 1390 daAuts
     D:4: 1139 daAuts
     D:2: 1017 daAuts
     D:3: 975 daAuts
     D:5: 919 daAuts
     D:6: 656 daAuts
 Ossuary: 237 daAuts
